 Dungeon Crawl Stone Soup version 0.31-a0-161-gb58dd9be76 (webtiles) character file.

Game seed: 1486453774534767866

32 Serulin the Covered (level 3, -3/24 HPs)
             Began as a Gargoyle Fighter on June 13, 2023.
             Slain by Terence
             ... wielding a +2 heavy mace
              (5 damage)
             ... on level 2 of the Dungeon.
             The game lasted 00:02:49 (785 turns).

Serulin the Covered (Gargoyle Fighter)               Turns: 785, Time: 00:02:50

Health: -3/24      AC: 12    Str: 21    XL:     3   Next: 27%
Magic:  3/3        EV:  9    Int:  8    God:
Gold:   118        SH:  4    Dex:  9    Spells: 2/2 levels left

rFire   . . .        a - +0 flail
rCold   . . .        c - +0 buckler
rNeg    + . .        b - +0 scale mail
rPois   ∞            (no helmet)
rElec   +            i - +0 cloak
rCorr   .            g - +0 pair of gloves
SInv    .            (no boots)
Will    .....        (no amulet) Stlth
                     (no ring)
HPRegen 0.24/turn    (no ring)
MPRegen 0.08/turn

%: no passive effects
@: no status effects
A: sickness immunity, AC +3, negative energy resistance 1, electricity
resistance, torment resistance 1, petrification resistance
a: no special abilities


You were on level 2 of the Dungeon.
You visited 1 branch of the dungeon, and saw 2 of its levels.

You collected 118 gold pieces.

Inventory:

Hand Weapons
 a - a +0 flail (weapon)
Armour
 b - a +0 scale mail (worn)
 c - a +0 buckler (worn)
 g - a +0 pair of gloves (worn)
 i - a +0 cloak (worn)
Scrolls
 e - 3 scrolls of teleportation {unknown}
 f - a scroll of revelation {unknown}
 h - a scroll of enchant armour {unknown}
 j - a scroll of identify {unknown}
Potions
 d - a potion of might


   Skills:
 + Level 3.6 Fighting
 + Level 2.5 Maces & Flails
 + Level 3.7 Armour
 + Level 3.6 Shields


You had 2 spell levels left.
You didn't know any spells.
Your spell library was empty.

Dungeon Overview and Level Annotations

Branches:
Dungeon (2/15)

Altars:

Annotations:
D:2 Terence


Innate Abilities, Weirdness & Mutations

You are immune to sickness and miasma.
Your stone body is resilient. (AC +3)
You are immune to poison.
You resist negative energy. (rN+)
You are resistant to electric shocks. (rElec)
You are resistant to unholy torment.
You are immune to petrification.


Message History

The jackal bites you but does no damage.
The jackal barely misses you.
You closely miss the jackal.
The jackal bites you but does no damage.
The jackal barely misses you.
You barely miss the jackal. The jackal barely misses you.
The jackal bites you but does no damage.
You sock the jackal!
You kill the jackal!
No target in view!
There is a stone staircase leading down here.
Things that are here:
a +0 club; a kobold corpse
Found a stone staircase leading down.
j - a scroll labelled VOLADAM CENTYJ
Found a leather armour.
Terence the Incautious comes into view.
He is wielding a +2 heavy mace.
You see here a ring of wizardry.
You hit Terence but do no damage. You block Terence's attack.
You barely miss Terence. You block Terence's attack.
You hit Terence.
Terence is lightly wounded.
Terence hits you with a +2 heavy mace!
You closely miss Terence.
Terence is lightly wounded.
Terence hits you with a +2 heavy mace.
You hit Terence.
Terence is moderately wounded.
You closely miss Terence.
Terence is moderately wounded.
Terence hits you with a +2 heavy mace!
Ouch! That really hurt!
* * * LOW HITPOINT WARNING * * *
You are too injured to fight recklessly!
Okay, then.
Okay, then.
You hit Terence but do no damage.
Terence is moderately wounded.
Terence hits you with a +2 heavy mace.
You die...

#.>...# #. ##
#.....# #. #.
#.....# ..#.
#.....# .#.
#.....# [.
###.### #. #.#
##@## #.#
#..@#######.####
#.........#....#
#...####.......#
#####
#..####.####.
#..#.........
#....##.#####
#.##.##>#
#.......# ##
####†#### #.


You could see Terence.

Vanquished Creatures
  A dart slug (D:1)
  2 ball pythons
  2 endoplasms
  A giant cockroach (D:1)
  3 goblins (D:1)
  2 hobgoblins (D:1)
  4 jackals (D:2)
  3 kobolds
  7 bats (D:1)
  2 rats (D:1)
27 creatures vanquished.

Notes
Turn   | Place    | Note
-------+----------+-------------------------------------------
     0 | D:1      | Serulin the Gargoyle Fighter began the quest for the Orb.
     0 | D:1      | Reached XP level 1. HP: 14/14 MP: 1/1
     3 | D:1      | Noticed an electric eel
     4 | D:1      | Noticed an electric eel
    94 | D:1      | Reached XP level 2. HP: 17/19 MP: 2/2
   565 | D:1      | Reached XP level 3. HP: 23/23 MP: 3/3
   567 | D:1      | Found a faded altar of an unknown god.
   777 | D:2      | Noticed Terence
   785 | D:2      | Slain by Terence

Illustrated notes

Levels and vault maps discovered:
D:1:      arrival_aquarium_b, layout_basic, shapermc_ecumenical_altar_acropolis
D:2:      layout_loops_cross, uniq_terence

Action                     || total
---------------------------++-------
  Melee: Flail             ||   109
 Armour: Scale mail        ||    75
  Dodge: Dodged            ||    55
  Block: Buckler           ||    27

Table legend: (Time is in decaauts)
 A = Elapsed time spent in this place.
 B = Non-inter-level travel time spent in this place.
 C = Inter-level travel time spent in this place.
 D = Time resting spent in this place.
 E = Time spent auto-exploring this place.
 F = Levels seen in this place.
 G = Mean time per level.
                   A        B        C        D        E       F      G
               +--------+--------+--------+--------+--------+-----+--------+
         Total |    820 |    763 |     57 |      0 |    508 |   2 |  410.0 |
       Dungeon |    820 |    763 |     57 |      0 |    508 |   2 |  410.0 |
               +--------+--------+--------+--------+--------+-----+--------+

Top non-repeatable levels by time:
     D:1: 698 daAuts
     D:2: 121 daAuts
